 Dungeon Crawl Stone Soup version 0.15.2 (webtiles) character file.

1232 GhostOklob the Basher (level 8, -2/68 HPs)
             Began as a Deep Dwarf Berserker on Nov 7, 2015.
             Was an Elder of Trog.
             Slain by a kobold
             ... wielding a +0 short sword of speed
              (5 damage)
             ... on Level 5 of the Dungeon.
             The game lasted 00:06:11 (4187 turns).

GhostOklob the Basher (Deep Dwarf Berserker)        Turns: 4187, Time: 00:06:11

HP  -2/68        AC  0     Str 22      XL: 8   Next: 24%
MP   7/7         EV 12     Int  7      God: Trog [****..]
Gold 189         SH  0     Dex 14      Spells:  0 memorised,  7 levels left

rFire  . . .     SeeInvis .     G - +0 hunting sling
rCold  . . .     Clarity  .     (no armour)
rNeg   . . .     rCorr    .     (no shield)
rPois  .         rRot     .     (no helmet)
rElec  .         Spirit   .     (no cloak)
SustAb .         Warding  .     (no gloves)
rMut   .         Stasis   .     (no boots)
Gourm  .                        (no amulet)
MR     +....                    (no ring)
                                (no ring)

@: non-regenerating, somewhat resistant to hostile enchantments, very unstealthy
A: damage resistance, recharge devices, sense surroundings 1, slow healing 3
a: Device Recharging, Burn Spellbooks, Berserk, Trog's Hand, Brothers in Arms,
Renounce Religion


You were on level 5 of the Dungeon.
You worshipped Trog.
Trog was greatly pleased with you.
You were hungry.

You visited 1 branch of the dungeon, and saw 5 of its levels.

You collected 189 gold pieces.


Innate Abilities, Weirdness & Mutations

You are resistant to damage.
You can recharge devices by infusing magical energy.
You passively map a small area around you.
You do not heal naturally.


   Skills:
 + Level 2.6 Fighting
   Level 10.3 Maces & Flails
 - Level 2.1 Armour
 - Level 2.1 Dodging


You had 7 spell levels left.
You didn't know any spells.

Inventory:

Hand weapons
 G - a +0 hunting sling (weapon)
Armour
 b - a +0 animal skin
 g - a +0 plate armour
 B - a +0 pair of gloves
 C - a +0 pair of gloves
Magical devices
 c - a wand of heal wounds (1) {!d@v2}
 D - a wand of lightning (5) {unknown}
 F - a wand of random effects (7) {unknown}
Comestibles
 w - a bread ration
 x - a meat ration
 E - a slice of pizza
Scrolls
 e - 2 scrolls of blinking {unknown}
 h - a scroll of noise {unknown}
 j - 10 scrolls of identify {unknown}
 l - 2 scrolls of enchant armour {unknown}
 m - a scroll of remove curse {unknown}
 p - a scroll of fog {unknown}
 r - 3 scrolls of amnesia {unknown}
 s - a scroll of enchant weapon {unknown}
 y - 2 scrolls of magic mapping {unknown}
Potions
 d - a potion of restore abilities {unknown}
 i - 4 potions of curing {unknown}
 q - 2 potions of brilliance {unknown}
 t - a potion of berserk rage {unknown}
 u - a potion of poison {unknown}
 v - a potion of agility {unknown}
 z - a potion of degeneration {unknown}
 A - a potion of confusion {unknown}

Dungeon Overview and Level Annotations

Branches:
Dungeon (5/15)             Temple (0/1) D:5

Altars:
Elyvilon
Xom
Yredelemnul

###.##..........#####...##.....##
................# ##.####.#####
.#####..........# ##.......#
................###..#.#####
....##.................#
....##................##
..#.......#####.......##
..#<#####.## #........#
..#..####..#####gK...#.##
(.............(......#..#
).###.#######(##.....##.# ..#
#...## ##.##.....##.#####
..#####..###..##..)..##.....#
...#####.....############...##
.#.................(.........#
##########################..## #
#..#


You could see a kobold.


Message History

You swing at nothing.
The kobold hits you with a runed short sword.
The kobold closely misses you.
You swing at nothing.
The kobold hits you with a runed short sword.
* * * LOW HITPOINT WARNING * * *
You swing at nothing.
The kobold hits you with a runed short sword.
* * * LOW HITPOINT WARNING * * *
The kobold hits you with a runed short sword.
You swing at nothing.
The kobold closely misses you. The kobold misses you.
You swing at nothing.
The kobold hits you with a runed short sword!
* * * LOW HITPOINT WARNING * * *
The kobold hits you with a runed short sword.
* * * LOW HITPOINT WARNING * * *
You swing at nothing.
The kobold closely misses you.
You swing at nothing.
The kobold hits you with a runed short sword.
* * * LOW HITPOINT WARNING * * *
The kobold hits you with a runed short sword.
You swing at nothing.
The kobold hits you with a runed short sword.
The kobold closely misses you.
You swing at nothing.
The kobold misses you.
The kobold hits you with a runed short sword.
You swing at nothing.
The kobold hits you but does no damage.
You swing at nothing.
The kobold hits you with a runed short sword!
You die...

Action                   |  1- 3 |  4- 6 |  7- 9 || total
-------------------------+-------+-------+-------++-------
Melee: Mace              |   152 |   218 |    73 ||   443
Invok: Trog's Hand       |       |     3 |     1 ||     4
       Berserk           |       |     3 |     1 ||     4
 Abil: Device Recharging |       |     1 |       ||     1
Evoke: Wand              |     1 |     3 |     5 ||     9
  Eat: Bread ration      |     1 |       |       ||     1
       Chunk             |       |     3 |     3 ||     6
       Meat ration       |       |     1 |       ||     1

Vault maps used:
D:1:      minmay_arrival_nine_rooms
D:3:      lemuel_crystal_altar, uniq_terence
D:4:      first_bread, elyvilon_altar_4
D:5:      xom_butterflies, beetle_altar_2, minmay_temple_entry_grid,
          uniq_grinder

Notes
Turn   | Place    | Note
--------------------------------------------------------------
     0 | D:1      | GhostOklob, the Deep Dwarf Berserker, began the quest for the Orb.
     0 | D:1      | Reached XP level 1. HP: 20/20 MP: 1/1
   215 | D:1      | Reached XP level 2. HP: 16/27 MP: 2/2
   566 | D:1      | Acquired Trog's second power
   599 | D:1      | Reached skill level 4 in Maces & Flails
   807 | D:1      | Reached XP level 3. HP: 31/33 MP: 3/3
  1289 | D:2      | Reached XP level 4. HP: 29/40 MP: 4/4
  1299 | D:2      | Reached skill level 5 in Maces & Flails
  1853 | D:3      | Found a basalt altar of Yredelemnul.
  1947 | D:3      | Noticed GhostOklob's ghost (average DDBe)
  1982 | D:3      | Killed GhostOklob's ghost
  1982 | D:3      | Reached skill level 6 in Maces & Flails
  1982 | D:3      | Reached XP level 5. HP: 46/46 MP: 5/5
  2116 | D:3      | Noticed Terence
  2151 | D:3      | Killed Terence
  2268 | D:3      | Reached XP level 6. HP: 23/55 MP: 6/6
  2693 | D:4      | Found a white marble altar of Elyvilon.
  2781 | D:4      | Reached skill level 7 in Maces & Flails
  2947 | D:4      | Acquired Trog's third power
  3487 | D:5      | Entered Level 5 of the Dungeon
  3635 | D:5      | Noticed GhostOklob's ghost (experienced DDBe)
  3637 | D:5      | Reached skill level 8 in Maces & Flails
  3637 | D:5      | Reached XP level 7. HP: 51/61 MP: 6/6
  3707 | D:5      | Noticed Grinder
  3708 | D:5      | Killed GhostOklob's ghost
  3708 | D:5      | Reached skill level 9 in Maces & Flails
  3762 | D:5      | Killed Grinder
  3762 | D:5      | Reached skill level 10 in Maces & Flails
  3762 | D:5      | Reached XP level 8. HP: 60/68 MP: 7/7
  3822 | D:5      | Found a staircase to the Ecumenical Temple.
  3966 | D:5      | Found a shimmering altar of Xom.
  4181 | D:5      | HP: 5/68 [kobold/runed short sword (2)]
  4187 | D:5      | Slain by a kobold

Vanquished Creatures
  The ghost of GhostOklob the Basher, an experienced DDBe of Trog (D:5)
  Grinder (D:5)
  The ghost of GhostOklob the Cudgeler, an average DDBe of Trog (D:3)
  An ogre (D:5)
  An orc warrior (D:4)
  A hippogriff skeleton (D:5)
  An orc priest (D:5)
  Terence (D:3)
  6 adders
  A worm (D:4)
  6 giant geckos
  7 orcs
  A ball python (D:2)
  14 bats
  5 giant cockroaches
  13 goblins
  10 hobgoblins
  8 kobolds
  2 quokkas
  4 giant newts
  4 jackals (D:4)
  2 orc skeletons
  9 rats
  A butterfly (D:5)
101 creatures vanquished.

Vanquished Creatures (others)
  A quokka (D:4)
1 creature vanquished.

Grand Total: 102 creatures vanquished
